 Seeded DCSS version 0.29-a0-22-gbf593b16ee (webtiles) character file.

Game seed: 10000000153 (custom seed)

8 knot the Skirmisher (level 2, 24/24 HPs)
             Began as a Demonspawn Berserker on Jan 30, 2022.
             Was a Follower of Trog.
             Quit the game on level 1 of the Dungeon.
             The game lasted 00:00:17 (175 turns).

knot the Skirmisher (Demonspawn Berserker)           Turns: 175, Time: 00:00:17

Health: 24/24      AC:  2    Str: 17    XL:     2   Next: 0%
Magic:  2/2        EV: 12    Int:  8    God:    Trog [*.....]
Gold:   0          SH:  0    Dex: 12    Spells: 1/1 levels left

rFire   . . .      SeeInvis .   a - +0 hand axe
rCold   . . .      Faith    .   (no shield)
rNeg    . . .      Spirit   .   b - +0 animal skin
rPois   .          Reflect  .   (no helmet)
rElec   .          Harm     .   (no cloak)
rCorr   .          Rampage  .   (no gloves)
Will    .....                   (no boots)
Stlth   +.........              (no amulet)
HPRegen 0.08/turn               (no ring)
MPRegen 0.08/turn               (no ring)

@: no status effects
A: hooves 1
a: Renounce Religion, Berserk


You were on level 1 of the Dungeon.
You worshipped Trog.
Trog was aware of your devotion.
You visited 1 branch of the dungeon, and saw 1 of its levels.

Inventory:

Hand Weapons
 a - a +0 hand axe (weapon)
Armour
 b - a +0 animal skin (worn)


   Skills:
 + Level 3.1 Fighting
 + Level 2.8 Axes
 + Level 2.0 Armour
 + Level 2.0 Dodging


You had one spell level left.
You didn't know any spells.
Your spell library was empty.

Dungeon Overview and Level Annotations

Branches:
Dungeon (1/15)

Altars:


Innate Abilities, Weirdness & Mutations

You have large cloven feet.


Message History

The bat hits you but does no damage.
The jackal bites you but does no damage.
The jackal barely misses you. x2; The jackal bites you.
The jackal closely misses you.
You closely miss the jackal. You punch the jackal, but do no damage.
The jackal is almost dead.
You closely miss the jackal. You hit the jackal.
You kill the jackal!
Trog accepts your kill. The bat barely misses you.
The jackal barely misses you. The bat barely misses you.
The jackal barely misses you. x2
You hit the jackal.
You kill the jackal!
Trog accepts your kill.
You hit the jackal but do no damage. You hit the bat.
You kill the bat!
Trog accepts your kill.
The jackal bites you but does no damage.
The jackal closely misses you.
You hit the jackal.
You kill the jackal!
Trog accepts your kill.
No target in view!
No target in view!
Key pressed, stopping explore.
Key pressed, stopping explore.
No target in view!
A giant cockroach comes into view.
You closely miss the giant cockroach. The giant cockroach barely misses you.
The giant cockroach closely misses you.
You slash the giant cockroach!
You kill the giant cockroach!
Trog accepts your kill.
Your Armour skill increases to level 2!
Your Dodging skill increases to level 2!
You have reached level 2!
Your demonic ancestry asserts itself...
Your feet thicken and deform.
No target in view!
Are you sure you want to abandon this character and quit the game? (Confirm with "yes".)

#. #.# #†.†...... #. #.#
#.........
#.##.###..#######
##...........###
#.......##.....### #
#.......##.......####
#.......##.........##
####........#.........##
.......@....####......#
...(...†....# #.....##
...........## #.....# #
...........# #....####
...........# #....##.†
...........# #...#....
...........# #........
...........# #........
.........##.


There were no monsters in sight!

Vanquished Creatures
  A ball python (D:1)
  A giant cockroach (D:1)
  3 jackals (D:1)
  A bat (D:1)
  A rat (D:1)
7 creatures vanquished.

Notes
Turn   | Place    | Note
-------+----------+-------------------------------------------
     0 | D:1      | knot the Demonspawn Berserker began the quest for the Orb.
     0 | D:1      | Reached XP level 1. HP: 18/18 MP: 1/1
   175 | D:1      | Gained mutation: You have large cloven feet. [demonic
                  | ancestry]
   175 | D:1      | Reached XP level 2. HP: 24/24 MP: 2/2
   175 | D:1      | Quit the game

Illustrated notes

Levels and vault maps discovered:
D:1:      onia_arrival_pentagram, layout_basic,
          chequers_ecumenical_altar_simple_redux

Skill      XL: |  1 |
---------------+----+-----
Armour         | 2 |  2.0
Dodging        | 2 |  2.0
Fighting       | |  3.1
Axes           | |  2.8

Action                   || total
-------------------------++-------
Melee: Hand axe          ||    17
       Punch             ||     1
Armor: Animal skin       ||     6
Dodge: Dodged            ||    33

Table legend: (Time is in decaauts)
 A = Elapsed time spent in this place.
 B = Non-inter-level travel time spent in this place.
 C = Inter-level travel time spent in this place.
 D = Time resting spent in this place.
 E = Time spent auto-exploring this place.
 F = Levels seen in this place.
 G = Mean time per level.
                   A        B        C        D        E       F      G
               +--------+--------+--------+--------+--------+-----+--------+
         Total |    177 |    177 |      0 |      0 |    143 |   1 |  177.0 |
       Dungeon |    177 |    177 |      0 |      0 |    143 |   1 |  177.0 |
               +--------+--------+--------+--------+--------+-----+--------+

Top non-repeatable levels by time:
     D:1: 177 daAuts
